 Dungeon Crawl Stone Soup version 0.27.1 (webtiles) character file.

Game seed: 8652703662906659563

51 Crownlay the Chopper (level 3, 0/31 HPs)
             Began as a Hill Orc Fighter on Aug 29, 2021.
             Was a Follower of Makhleb.
             Slain by an adder (4 damage)
             ... on level 3 of the Dungeon.
             The game lasted 00:01:52 (1678 turns).

Crownlay the Chopper (Hill Orc Fighter)             Turns: 1678, Time: 00:01:53

Health: 0/31       AC:  6    Str: 19    XL:     3   Next: 83%
Magic:  3/3        EV:  9    Int:  8    God:    Makhleb [*.....]
Gold:   89         SH:  0    Dex: 10    Spells: 2/2 levels left

rFire    . . .     SeeInvis .   a - +0 war axe
rCold    . . .     Faith    .   (no shield)
rNeg     . . .     Spirit   .   b - +0 scale mail
rPois    .         Reflect  .   (no helmet)
rElec    .         Harm     .   (no cloak)
rCorr    .         Rampage  .   (no gloves)
Will     .....                  (no boots)
Stlth    ..........             (no amulet)
HPRegen  0.10/turn              (no ring)
MPRegen  0.08/turn              (no ring)

@: lethally poisoned (0 -> -2)
A: no striking features
a: Renounce Religion


You were on level 3 of the Dungeon.
You worshipped Makhleb.
Makhleb was aware of your devotion.
You visited 1 branch of the dungeon, and saw 3 of its levels.

You collected 89 gold pieces.

Inventory:

Hand Weapons
 a - a +0 war axe (weapon)
Armour
 b - a +0 scale mail (worn)
 c - a +0 kite shield
Jewellery
 k - a ring of wizardry
Scrolls
 e - a scroll of immolation {unknown}
 h - a scroll of fear
 i - 2 scrolls of summoning {unknown}
 l - a scroll of blinking
 m - a scroll of fog {unknown}
 n - a scroll of noise {unknown}
Potions
 d - a potion of might
 f - a potion of resistance {unknown}
 g - a potion of degeneration {unknown}
 j - 2 potions of curing {unknown}


   Skills:
 - Level 3.6 Fighting
 + Level 5.4 Axes
 - Level 3.2 Armour
 - Level 3.2 Shields


You had 2 spell levels left.
You didn't know any spells.
Your spell library was empty.

Dungeon Overview and Level Annotations

Branches:
Dungeon (3/15)

Altars:
Makhleb


Message History

You slash the hobgoblin!
You kill the hobgoblin!
Makhleb accepts your kill.
No target in view!
No target in view!
No target in view!
An adder comes into view.
The adder hisses angrily.
You hear a shout!
An adder is nearby!
You barely miss the adder. The adder bites you but does no damage.
You closely miss the adder. The adder barely misses you. The adder misses you.
An orc comes into view. It is wielding a +0 trident.
You barely miss the adder. The adder bites you but does no damage.
The adder bites you.
You hit the adder but do no damage. The adder bites you.
You barely miss the adder. The adder barely misses you.
The orc hits you from afar with a +0 trident.
The adder bites you.
You are poisoned.
The adder poisons you!
You closely miss the adder.
You feel sick. The orc barely misses you. The adder bites you.
The orc hits you but does no damage.
You hit the adder but do no damage.
You feel sick. The adder bites you. The adder bites you but does no damage.
The orc hits you from afar with a +0 trident.
You are too injured to fight recklessly!
You are too injured to fight recklessly!
You are too injured to fight recklessly!
You are too injured to fight recklessly!
You are too injured to fight recklessly!
You are too injured to fight recklessly!
You miss the adder.
You feel sick. The adder bites you.
* * * LOW HITPOINT WARNING * * *
The orc hits you from afar with a +0 trident.
* * * LOW HITPOINT WARNING * * *
The adder bites you but does no damage.
You slash the adder!
The adder is almost dead.
You feel sick. The adder bites you.
You die...

...........+..........>#..#......
...........####.........(.#......
#....###...####..................
#...........................#<...
#...############.###...##........
#...########## ♣.♣ ...#.........
.............#♣♣.♣♣#.#.#.......#.
#...####.........So..#.#..#.#..#.
#...# #....##♣♣@♣ ## #.#..#.
########....# ♣.♣ #..#.
#........####.### #..#.
..................# #..#.
###...............# #####
#....####.##....# #.... #.#######
##### #.# #.#


You could see an adder and an orc.

Vanquished Creatures
  An adder (D:2)
  A worm (D:3)
  4 ball pythons
  6 bats
  2 endoplasms (D:2)
  4 giant cockroaches (D:1)
  2 goblins
  5 hobgoblins
  2 quokkas (D:2)
  3 frilled lizards
  5 kobolds
  A rat (D:2)
36 creatures vanquished.

Notes
Turn   | Place    | Note
-------+----------+-------------------------------------------
     0 | D:1      | Crownlay the Hill Orc Fighter began the quest for the Orb.
     0 | D:1      | Reached XP level 1. HP: 19/19 MP: 1/1
    85 | D:1      | Reached skill level 3 in Axes
   250 | D:1      | Reached XP level 2. HP: 22/26 MP: 2/2
   438 | D:1      | Reached skill level 4 in Axes
   540 | D:1      | Found a faded altar of an unknown god.
   609 | D:1      | Became a worshipper of Makhleb the Destroyer
   609 | D:1      | Reached * piety under Makhleb
  1005 | D:2      | Reached XP level 3. HP: 28/31 MP: 3/3
  1245 | D:2      | Reached skill level 5 in Axes
  1678 | D:3      | Slain by an adder

Illustrated notes

Levels and vault maps discovered:
D:1:      dpeg_arrival_water_temple_mockup, layout_basic,
          dilly_ecumenical_altar_fadedgnrine
D:2:      layout_rooms, minmay_tromino_i4
D:3:      layout_basic, gammafunk_ghost_necromancy, minmay_tree_intersection,
          minmay_misc_feat_plants, nrook_campfire

Skill      XL: |  1  2  3 |
---------------+----------+-----
Axes           | 3 4 5 |  5.4
Fighting       | |  3.6
Armour         | |  3.2
Shields        | |  3.2

Action                   || total
-------------------------++-------
Melee: War axe           ||   117
  Use: Scroll            ||     2
Armor: Scale mail        ||    80
Dodge: Dodged            ||    73
